 Dungeon Crawl Stone Soup version 0.31-a0-95-g6fa058ef04 (webtiles) character file.

Game seed: 2697455066444294586

267 frimble the Grasshopper (level 6, -15/41 HPs)
             Began as an Octopode Warper on May 25, 2023.
             Demolished by a sleepcap (21 damage)
             ... on level 4 of the Dungeon.
             The game lasted 00:03:32 (3388 turns).

frimble the Grasshopper (Octopode Warper)           Turns: 3388, Time: 00:03:32

Health: -15/41     AC:  1    Str: 10    XL:     6   Next: 21%
Magic:  10/10      EV:  2    Int: 17    God:
Gold:   187        SH:  0    Dex: 12    Spells: 4/10 levels left

rFire   . . .        a - +0 short sword
rCold   . . .        (no shield)
rNeg    . . .        (helmet restricted)
rPois   .            (no amulet)
rElec   .            (no ring)
rCorr   .            (no ring)
SInv    .            (no ring)
Will    .....        (no ring)
Stlth   ++           (no ring)
HPRegen 0.26/turn    (no ring)
MPRegen 0.12/turn    (no ring)
                     (no ring)

%: no passive effects
@: sleeping
A: almost no armour, amphibious, 8 rings, camouflage 1, gelatinous body 1,
(nimble swimmer 1), tentacles
a: no special abilities


You were on level 4 of the Dungeon.
You visited 1 branch of the dungeon, and saw 4 of its levels.

You collected 253 gold pieces.
You spent 66 gold pieces at shops.

Inventory:

Hand Weapons
 a - a +0 short sword (weapon)
 k - a +1 long sword
Missiles
 c - 6 boomerangs of dispersal (quivered)
 e - 6 poisoned darts
 o - 2 throwing nets
Jewellery
 r - a +5 ring of evasion
Scrolls
 b - 2 scrolls of blinking
 g - a scroll of fog
 h - a scroll of enchant weapon
 i - 3 scrolls of identify
 m - 2 scrolls of noise
 p - a scroll of teleportation
Potions
 d - 2 potions of might
 f - a potion of attraction {unknown}
 j - 3 potions of heal wounds
 l - 2 potions of curing {unknown}
 n - a potion of resistance {unknown}
 q - a potion of magic {unknown}


   Skills:
 + Level 2.9 Fighting
 - Level 2.2(2.5) Short Blades
 + Level 1.6(2.2) Long Blades
 - Level 1.7 Throwing
 + Level 3.2 Dodging
 + Level 2.8 Spellcasting
 + Level 1.5 Hexes
 + Level 3.6 Translocations
 + Level 1.5 Fire Magic


You had 4 spell levels left.
You knew the following spells:

 Your Spells              Type           Power      Damage    Failure   Level
a - Blink                 Tloc           28%        N/A       6%          2
b - Inner Flame           Hex/Fire       6%         N/A       32%         3
c - Apportation           Tloc           28%        N/A       4%          1

Your spell library contained the following spells:

 Spells                   Type           Power      Damage    Failure   Level
 Lesser Beckoning         Tloc           28%        N/A       6%          2
 Teleport Other           Tloc           14%        N/A       12%         3
 Magic Dart               Conj           8%         1d3       19%         1
 Necrotise                Necr           8%         1d4       19%         1
 Summon Small Mammal      Summ           8%         N/A       19%         1
 Portal Projectile        Hex/Tloc       20%        N/A       21%         3
 Searing Ray              Conj           4%         2d4       26%         2
 Vhi's Electric Charge    Tloc/Air       14%        N/A       28%         3
 Manifold Assault         Tloc           14%        N/A       36%         4
 Call Canine Familiar     Summ           2%         N/A       47%         3
 Flame Wave               Conj/Fire      3%         2d5       83%         4
 Fulminant Prism          Conj/Hex       1%         3d5       83%         4
 Leda's Liquefaction      Hex/Erth       1%         N/A       83%         4
 Sticky Flame             Conj/Fire      3%         2d3       83%         4


Dungeon Overview and Level Annotations

Branches:
Dungeon (4/15)
 Temple: D:4-7

Altars:
Ashenzari
Kikubaaqudgha
Okawaru
Uskayaw
Vehumet
Xom

Shops:
D:4 *

Annotations:
D:3 3 runed translucent doors, LobsterGuardian's ghost, weakling TrWr


Innate Abilities, Weirdness & Mutations

You cannot wear most types of armour.
You are amphibious.
You can wear up to eight rings at the same time.
Your skin changes colour to match your surroundings (Stealth+).
Your rubbery body absorbs attacks. (AC +1, EV +1)
((You are camouflaged when in or above water. (Stealth+)))
You have tentacles for arms and can constrict up to eight enemies at once.


Message History

You hit the sleepcap but do no damage.
The sleepcap is lightly damaged.
You constrict the sleepcap.
The sleepcap releases spores at you but does no damage.
You hit the sleepcap.
The sleepcap is moderately damaged.
You constrict the sleepcap. The sleepcap releases spores at you!
You are engulfed in a cloud of soporific spores!
You fall asleep.
You lose your grip on the sleepcap.
The sleepcap releases spores at you!
You wake up.
You hit the sleepcap but do no damage. You grab the sleepcap.
You squeeze the sleepcap, but do no damage.
The sleepcap is moderately damaged.
You constrict the sleepcap, but do no damage.
The sleepcap barely misses you.
You hit the sleepcap but do no damage.
The sleepcap is moderately damaged.
You constrict the sleepcap, but do no damage.
The sleepcap closely misses you.
You hit the sleepcap but do no damage.
The sleepcap is moderately damaged.
You constrict the sleepcap. The sleepcap barely misses you.
You hit the sleepcap but do no damage.
The sleepcap is moderately damaged.
You constrict the sleepcap. The sleepcap releases spores at you!
* * * LOW HITPOINT WARNING * * *
You are engulfed in a cloud of soporific spores!
You are unaffected.
You hit the sleepcap. You squeeze the sleepcap.
The sleepcap is severely damaged.
You constrict the sleepcap. The sleepcap releases spores at you.
* * * LOW HITPOINT WARNING * * *
You are engulfed in a cloud of soporific spores!
You fall asleep.
You lose your grip on the sleepcap.
The sleepcap barely misses you. The sleepcap releases spores at you!!
Ouch! That really hurt!
You die...

#.######## .#
#........# .#
#.######.# ##.# #.#
#.# #..# #.#
#.####.<# #.#
###.......#
####.#...........##
.....#.#########.#
###### #@# .....
#f......# #####
#########


You could see a sleepcap.

Vanquished Creatures
  An ogre (D:4)
  A jelly (D:4)
  3 adders
  4 gnolls (D:3)
  2 worms
  2 dart slugs
  8 ball pythons
  6 endoplasms
  2 giant cockroaches (D:1)
  13 hobgoblins
  3 quokkas
  7 bats
  4 frilled lizards
  9 goblins
  10 kobolds
  4 rats
79 creatures vanquished.

Notes
Turn   | Place    | Note
-------+----------+-------------------------------------------
     0 | D:1      | frimble the Octopode Warper began the quest for the Orb.
     0 | D:1      | Reached XP level 1. HP: 14/14 MP: 3/3
   118 | D:1      | Found a faded altar of an unknown god.
   125 | D:1      | Reached XP level 2. HP: 19/19 MP: 5/5
   136 | D:1      | Learned a level 2 spell: Blink
   585 | D:1      | Reached XP level 3. HP: 24/24 MP: 6/6
   854 | D:2      | Learned a level 3 spell: Inner Flame
  1321 | D:2      | Learned a level 1 spell: Apportation
  1326 | D:2      | Reached XP level 4. HP: 30/30 MP: 7/7
  1473 | D:2      | Found a shimmering altar of Xom.
  1788 | D:3      | Noticed LobsterGuardian's ghost (weakling TrWr)
  1802 | D:3      | Found a runed translucent gate.
  1802 | D:3      | Found a runed translucent gate.
  1802 | D:3      | Found a runed translucent gate.
  1875 | D:3      | Found a radiant altar of Vehumet.
  1875 | D:3      | Found an iron altar of Okawaru.
  1884 | D:3      | Found a hide-covered altar of Uskayaw.
  1886 | D:3      | Found an ancient bone altar of Kikubaaqudgha.
  1887 | D:3      | Found a broken altar of Ashenzari.
  2294 | D:3      | Reached skill level 1 in Long Blades
  2294 | D:3      | Reached skill level 1 in Hexes
  2297 | D:3      | Reached XP level 5. HP: 35/35 MP: 8/8
  2305 | D:3      | Reached skill level 1 in Fire Magic
  2806 | D:4      | Found Koumnotics's Assorted Antiques.
  2811 | D:4      | Bought a scroll labelled CEISTRA YREO for 33 gold pieces
  2811 | D:4      | Bought a scroll labelled ZEPAGYTARI for 33 gold pieces
  2956 | D:4      | Noticed an ogre
  2983 | D:4      | Killed an ogre
  2984 | D:4      | Reached XP level 6. HP: 41/41 MP: 10/10
  3388 | D:4      | Demolished by a sleepcap

Illustrated notes

Levels and vault maps discovered:
D:1:      dpeg_arrival_morbid_curiosity, layout_basic,
          dreamdust_ecumenical_altar_grove,
          nicolae_concentric_dashed_squares_wild
D:2:      layout_basic, basic_altar
D:3:      layout_rooms, chequers_temple_overflow_minitemple,
          gammafunk_ghost_split, chequers_serial_rivers_small_3,
          wad_rectangle_vault
D:4:      layout_basic, serial_corexii_hall, corexii_hall_statues_x,
          corexii_hall_statues_t, chequers_hall_statues_wall_a, serial_shops,
          nicolae_shop_behind_doors

Skill      XL: |  1  2  3  4  5 |
---------------+----------------+-----
Long Blades    | 1 |  1.6
Hexes          | 1 |  1.5
Dodging        | 3 |  3.2
Fire Magic     | 1 |  1.5
Fighting       | |  2.9
Short Blades   | |  2.2
Throwing       | |  1.7
Spellcasting   | |  2.8
Translocations | |  3.6

Action                     |  1- 3 |  4- 6 || total
---------------------------+-------+-------++-------
  Melee: Short sword       |    99 |   100 ||   199
         Constrict         |    27 |    20 ||    47
         Tentacles         |    21 |    14 ||    35
         Punch             |     1 |       ||     1
  Throw: Dart              |       |     7 ||     7
         Boomerang         |       |     1 ||     1
   Cast: Blink             |       |     1 ||     1
    Use: Scroll            |       |     7 ||     7
         Potion            |       |     1 ||     1
   Stab: Sleeping          |     6 |     7 ||    13
         Distracted        |       |     1 ||     1
 Armour: Skin              |     8 |     8 ||    16
  Dodge: Dodged            |    57 |    44 ||   101

Table legend: (Time is in decaauts)
 A = Elapsed time spent in this place.
 B = Non-inter-level travel time spent in this place.
 C = Inter-level travel time spent in this place.
 D = Time resting spent in this place.
 E = Time spent auto-exploring this place.
 F = Levels seen in this place.
 G = Mean time per level.
                   A        B        C        D        E       F      G
               +--------+--------+--------+--------+--------+-----+--------+
         Total |   3364 |   3313 |     51 |      0 |   2789 |   4 |  841.0 |
       Dungeon |   3364 |   3313 |     51 |      0 |   2789 |   4 |  841.0 |
               +--------+--------+--------+--------+--------+-----+--------+

Top non-repeatable levels by time:
     D:4: 900 daAuts
     D:3: 865 daAuts
     D:1: 842 daAuts
     D:2: 756 daAuts
